 Dungeon Crawl Stone Soup version 0.28.0-43-g3370ac3207 (webtiles) character file.

Game seed: 3941358001049701867

205996 boopmooplesden the Executioner (level 18, -5/176 HPs)
             Began as a Minotaur Berserker on Mar 19, 2022.
             Was the Champion of Trog.
             Killed from afar by an ironbound thunderhulk (14 damage)
             ... with a bolt of lightning
             ... on level 1 of the Vaults.
             The game lasted 01:06:26 (26397 turns).

boopmooplesden the Executioner (MiBe)              Turns: 26397, Time: 01:06:27

Health: -5/176     AC: 38    Str: 34    XL:     18   Next: 5%
Magic:  17/17      EV: 13    Int:  5    God:    Trog [******]
Gold:   1011       SH:  0    Dex: 16    Spells: 17/17 levels left

rFire   + + .      SeeInvis .   E - +9 great mace of Uguely {freeze, *Corrode rElec rPois Str+4}
rCold   + . .      Faith    .   (shield currently unavailable)
rNeg    . . .      Spirit   .   n - +8 plate armour of Divine Intervention {rElec Stlth+}
rPois   +          Reflect  .   F - +1 hat
rElec   +          Harm     .   Z - +2 cloak
rCorr   .          Rampage  +   J - +2 pair of gloves {hurl}
Will    +....                   U - +2 pair of boots {rampage}
Stlth   ..........              r - amulet of regeneration
HPRegen 1.19/turn               j - +6 ring of strength
MPRegen 0.15/turn               Q - ring "Finn" {rF++ rC+ Int-3 Dex+4 Slay+3}

@: on berserk cooldown, slowed, studying Short Blades, very slow
A: horns 2, retaliatory headbutt
}: 1/15 runes: gossamer
a: Renounce Religion, Berserk, Trog's Hand, Brothers in Arms


You were on level 1 of the Vaults.
You worshipped Trog.
Trog was exalted by your worship.
You visited 6 branches of the dungeon, and saw 29 of its levels.
You also visited: Sewer.

You collected 2475 gold pieces.
You spent 1464 gold pieces at shops.

Inventory:

Hand Weapons
 a - the +0 hand axe of Grace {flame, +Blink rPois Int+4}
   (You found it on level 3 of the Lair of Beasts)

   It burns those it strikes, dealing additional fire damage.
   Big, fiery blades are also staple armaments of hydra-hunters.
   Int:       It affects your intelligence (+4).
   rPois:     It protects you from poison.
   +Blink:    It lets you blink.
 b - the +0 hunting sling of Conscience {vorpal, rPois Int+3}
   (You found it on level 9 of the Dungeon)

   Any ammunition fired from it inflicts extra damage upon your enemies.
   Int:       It affects your intelligence (+3).
   rPois:     It protects you from poison.
 D - the +9 war axe of the Demagogue {vorpal, Dex+3}
   (Trog gifted it to you on level 15 of the Dungeon)

   It inflicts extra damage upon your enemies.
   Dex:       It affects your dexterity (+3).
 E - the +9 great mace of Uguely (weapon) {freeze, *Corrode rElec rPois Str+4}
   (You found it on level 11 of the Dungeon)

   It freezes those it strikes, dealing additional cold damage.
   It can also slow down cold-blooded creatures.
   Str:       It affects your strength (+4).
   rElec:     It insulates you from electricity.
   rPois:     It protects you from poison.
   *Corrode:  It may corrode you when you take damage.
 T - a +3 executioner's axe of flaming
Missiles
 u - 173 sling bullets
 M - a throwing net (quivered)
Armour
 n - the +8 plate armour of Divine Intervention (worn) {rElec Stlth+}
   (You bought it in a shop on level 2 of the Orcish Mines)

   rElec:     It insulates you from electricity.
   Stlth:     It makes you more stealthy.
 o - a +2 pair of gloves
 F - a +1 hat (worn)
 J - a +2 pair of gloves of hurling (worn)
 O - the +1 cloak "Funkiha" {-Tele rElec rC+++ Dex-3}
   (You bought it in a shop on level 3 of the Dungeon)

   Dex:       It affects your dexterity (-3).
   rC:        It renders you almost immune to cold.
   rElec:     It insulates you from electricity.
   -Tele:     It prevents most forms of teleportation.
 P - the +0 chain mail of the Villain {rPois rF+ rN++ Int-2}
   (You found it on level 1 of the Lair of Beasts)

   Int:       It affects your intelligence (-2).
   rF:        It protects you from fire.
   rPois:     It protects you from poison.
   rN:        It greatly protects you from negative energy.
 U - a +2 pair of boots of rampaging (worn)
 W - the +1 chain mail of the Hart {rF+++ Will- Str+4}
   (You found it on level 5 of the Lair of Beasts)

   Str:       It affects your strength (+4).
   rF:        It renders you almost immune to fire.
   Will:      It decreases your willpower.
 Z - a +2 cloak (worn)
Jewellery
 j - a +6 ring of strength (left hand)
 l - a +4 ring of protection
 r - an amulet of regeneration (around neck)
 v - a ring of positive energy
 H - a ring of ice
 K - a ring of flight
 N - a +6 ring of dexterity
 Q - the ring "Finn" (right hand) {rF++ rC+ Int-3 Dex+4 Slay+3}
   (You found it on level 11 of the Dungeon)

   [ring of protection from cold]

   Int:       It affects your intelligence (-3).
   Dex:       It affects your dexterity (+4).
   Slay:      It affects your accuracy & damage with ranged weapons and melee
   (+3).
   rF:        It greatly protects you from fire.
   rC:        It protects you from cold.
Wands
 x - a wand of flame (21)
 y - a wand of iceblast (52)
 B - a wand of acid (18)
 G - a wand of mindburst (7)
 L - a wand of digging (5)
 S - a wand of paralysis (7)
 X - a wand of charming (5)
Scrolls
 c - 14 scrolls of identify
 e - 2 scrolls of holy word
 f - 4 scrolls of blinking
 h - 7 scrolls of teleportation
 q - 2 scrolls of fear
 I - 4 scrolls of magic mapping
 V - 3 scrolls of fog
Potions
 g - 2 potions of resistance
 i - 2 potions of mutation
 k - 13 potions of curing
 m - 4 potions of flight
 p - 4 potions of haste
 s - 3 potions of invisibility
 w - 3 potions of might
 z - 10 potions of ambrosia
 C - 2 potions of berserk rage
 R - 2 potions of magic
Miscellaneous
 t - a lightning rod (4/4)
 A - a piece from Xom's chessboard (15/15)
 Y - a condenser vane


   Skills:
 + Level 19.3 Fighting
 + Level 5.2 Short Blades
 + Level 21.4(23.7) Axes
 + Level 17.9(22.1) Maces & Flails
 + Level 5.4 Slings
 + Level 17.4 Armour
 + Level 8.7 Dodging
 + Level 1.6 Stealth


You had 17 spell levels left.
You didn't know any spells.
Your spell library was empty.

Dungeon Overview and Level Annotations

Branches:
Dungeon (15/15)            Temple (0/1) D:7            Lair (6/6) D:9
  Swamp (0/4) Lair:2       Spider (4/4) Lair:3        Slime (0/5) Lair:6
    Orc (2/2) D:10            Elf (0/3) Orc:2        Vaults (1/5) D:14
 Depths (1/4) D:15          Sewer (visited)

Altars:
Dithmenos
Fedhas
Hepliaklqana
Kikubaaqudgha
Makhleb
Qazlal
Sif Muna
Trog
Xom
Yredelemnul
The Shining One
Jiyva

Shops:
D:3 [   D:7 (   Orc:2 *[!=

Portals:
Pandemonium: Orc:2

Annotations:
D:6 exclusion: oklob plant
Lair:6 1 runed translucent door


Innate Abilities, Weirdness & Mutations

You have a pair of horns on your head.
You reflexively headbutt those who attack you in melee.


Message History

The vault warden hits you but does no damage.
The great orb of eyes bites you but does no damage.
Unknown command.
You completely miss the great orb of eyes.
The vault warden misses you. You furiously retaliate!
You headbutt the vault warden, but do no damage.
The great orb of eyes closely misses you.
Electricity crackles from the ironbound thunderhulk's apparatus.
The bolt of lightning hits you! You resist.
You splatter the great orb of eyes into a gooey mess!!!
You freeze the great orb of eyes.
The great orb of eyes is severely wounded.
The vault warden hits you but does no damage.
The great orb of eyes misses you.
Electricity crackles from the ironbound thunderhulk's apparatus.
The bolt of lightning hits you! You resist.
* * * LOW HITPOINT WARNING * * *
You bludgeon the great orb of eyes!! You freeze the great orb of eyes!
You kill the great orb of eyes!
Trog accepts your kill. The vault warden barely misses you.
You furiously retaliate!
You headbutt the vault warden!
The yaktaur captain shoots a bolt.
The bolt hits you!!
* * * LOW HITPOINT WARNING * * *
You thump the great orb of eyes! You freeze the great orb of eyes.
You headbutt the great orb of eyes.
The great orb of eyes is almost dead.
The vault warden hits you but does no damage.
The great orb of eyes bites you!
* * * LOW HITPOINT WARNING * * *
Strange energies crackle from the ironbound thunderhulk's apparatus.
The ironbound thunderhulk blinks!
You feel much better.
The vault warden hits you with a +1 long sword of holy wrath.
* * * LOW HITPOINT WARNING * * *
The great orb of eyes bites you!!
* * * LOW HITPOINT WARNING * * *
Electricity crackles from the ironbound thunderhulk's apparatus.
The bolt of lightning hits you! You resist.
You die...

#..........#..#..#
+..........#..#..#
#..........#..#..#
#..........+..#..#
#..........#..#..#
#.....(....#..#.O#
###+#'#######..#..#
......8# #.....#
.......# ##.p@##
######.# ##G##
#.#.#..# #.§cp..#
#..8...#
#..k...####
#..8...#
#......#...####
#..8(..#
#......#......###
#..8.).#
#......#.)......##
#..8.))#
########.....!...##
#(#.#).#
#####......##


You could see a vault warden, an ironbound thunderhulk, a yaktaur captain, a
great orb of eyes (strong) and a lindwurm.

Vanquished Creatures
  Arachne (Spider:3)
  A tengu reaver (Vaults:1)
  3 emperor scorpions (Spider:4)
  A frost giant (Depths:1)
  2 vault wardens (Vaults:1)
  6 ghost moths
  2 stone giants
  7 broodmothers
  3 very ugly things
  6 entropy weavers
  A deep elf annihilator (Vaults:1)
  4 spark wasps
  The ghost of Wolly the Archer, a journeyman CeAM of Okawaru (Lair:5)
  Snorg (D:11)
  3 fire dragons
  A yaktaur captain (Vaults:1)
  A vault guard (D:14)
  14 hydras
  2 great orbs of eyes
  3 ogre magi
  6 centaur warriors
  A spriggan air mage (Depths:1)
  A jorogumo (Spider:4)
  2 catoblepae (Lair:6)
  3 demonspawn (Orc:2)
  A radroach (Spider:3)
  6 boulder beetles
  2 death knights
  2 deep troll shamans
  14 two-headed ogres
  An anaconda (Lair:4)
  A dancing weapon (Lair:5)
  11 death yaks
  6 tengu warriors
  A deep troll earth mage (Depths:1)
  6 orc high priests (Orc:2)
  An iron troll (Depths:1)
  6 pharaoh ants
  5 skeletal warriors
  5 steelbarb worms
  2 deep trolls (Depths:1)
  16 orb spiders
  4 ironbound convokers (Vaults:1)
  4 lindwurms (D:11)
  Pikel (D:4)
  6 orc knights
  2 deep elf pyromancers
  A manticore (D:12)
  An oklob plant (Lair:6)
  5 ugly things
  7 orc sorcerers
  20 wolf spiders
  3 moths of wrath (Spider:2)
  10 cyclopes
  Joseph (Lair:1)
  24 elephants (Lair:6)
  4 black mambas
  4 torpor snails
  3 vault sentinels (Vaults:1)
  2 gargoyles
  13 cane toads
  A smoke demon (Orc:2)
  An efreet (D:14)
  8 demonic crawlers
  11 komodo dragons
  An unseen horror (D:12)
  A tengu conjurer (D:15)
  4 rime drakes
  2 freezing wraiths (D:15)
  3 ice devils (Orc:2)
  A red devil (Orc:2)
  4 trolls
  A queen bee (Lair:4)
  A polar bear (Lair:3)
  9 meliai
  25 tarantellas
  4 slime creatures (D:13)
  12 dream sheep (Lair:5)
  16 blink frogs
  A hornet (D:14)
  20 culicivoras
  23 jumping spiders
  2 water elementals (D:15)
  3 shadows
  59 yaks
  A ynoxinul (Orc:2)
  4 wraiths
  A centaur simulacrum (D:15)
  A human (D:10)
  8 wyverns
  A fire elemental (Lair:4)
  5 basilisks
  A steam dragon (D:9)
  4 vampire mosquitoes (Lair:2)
  47 redbacks
  4 wargs
  An acid dragon (D:11)
  23 water moccasins
  23 orc warriors
  6 black bears
  A sky beast (D:6)
  8 ogres
  6 wolves (Lair:6)
  14 centaurs
  A necrophage (D:5)
  2 phantoms
  A lemure (D:4)
  4 kobold brigands
  The ghost of GilGalad the Conjurer, an amateur DECj (D:3)
  11 bullfrogs
  2 wyvern zombies
  6 gnoll sergeants
  A scorpion (D:5)
  A wyvern skeleton (D:7)
  A water moccasin skeleton (D:5)
  27 killer bees
  6 howler monkeys
  4 wights (D:9)
  3 electric eels
  10 centaur zombies
  7 lava snakes (D:10)
  A bullfrog zombie (D:5)
  2 centaur skeletons (D:5)
  A jelly (D:7)
  A hound (D:5)
  25 orc priests
  3 iguanas
  Jessica (D:2)
  Terence (D:3)
  20 orc wizards
  A hound zombie (D:5)
  A howler monkey zombie (D:6)
  17 gnolls
  A howler monkey skeleton (D:7)
  11 adders
  4 river rats
  2 white imps
  5 worms
  A dart slug (D:5)
  60 orcs
  10 ball pythons
  11 endoplasms
  2 giant cockroaches
  7 goblins
  10 hobgoblins
  9 jackals
  18 kobolds
  3 quokkas
  5 bats
  3 frilled lizards
  6 rats
979 creatures vanquished.

Vanquished Creatures (collateral kills)
  An orb spider (Spider:2)
  A tarantella (Spider:2)
2 creatures vanquished.

Vanquished Creatures (others)
  A jorogumo (Spider:1)
  A pharaoh ant (Spider:2)
  20 fungi
  54 plants
  17 toadstools (D:6)
93 creatures vanquished.

Grand Total: 1074 creatures vanquished

Notes
Turn   | Place    | Note
-------+----------+-------------------------------------------
     0 | D:1      | boopmooplesden the Minotaur Berserker began the quest for
                  | the Orb.
     0 | D:1      | Reached XP level 1. HP: 19/19 MP: 0/0
    45 | D:1      | Found a faded altar of an unknown god.
   230 | D:1      | Reached XP level 2. HP: 27/27 MP: 1/1
   232 | D:1      | Reached skill level 4 in Axes
   847 | D:2      | Reached XP level 3. HP: 31/33 MP: 2/2
   901 | D:2      | Reached ** piety under Trog
  1350 | D:2      | Reached XP level 4. HP: 36/41 MP: 3/3
  1398 | D:2      | Noticed Jessica
  1405 | D:2      | Killed Jessica
  1862 | D:3      | Found Loahayj's Armour Shop.
  1982 | D:3      | Reached skill level 5 in Axes
  1983 | D:3      | Found a runed translucent door.
  1989 | D:3      | Reached XP level 5. HP: 33/47 MP: 4/4
  1989 | D:3      | Noticed GilGalad's ghost (amateur DECj)
  2226 | D:3      | Killed GilGalad's ghost
  2277 | D:3      | Noticed Terence
  2289 | D:3      | Killed Terence
  2290 | D:3      | Reached skill level 6 in Axes
  2493 | D:4      | Noticed a lemure
  2496 | D:4      | Noticed Pikel
  2499 | D:4      | Noticed a lemure
  2501 | D:4      | Killed a lemure
  2503 | D:4      | Noticed a lemure
  2506 | D:4      | Noticed a lemure
  2508 | D:4      | Killed Pikel
  2509 | D:4      | Reached skill level 5 in Fighting
  2509 | D:4      | Reached skill level 7 in Axes
  2509 | D:4      | Reached skill level 5 in Armour
  2509 | D:4      | Reached XP level 6. HP: 56/56 MP: 5/5
  2509 | D:4      | Reached XP level 7. HP: 61/61 MP: 6/6
  2589 | D:4      | Found a basalt altar of Yredelemnul.
  2600 | D:4      | Found a shimmering blue altar of Sif Muna.
  3169 | D:4      | Found a burning altar of Makhleb.
  3335 | D:5      | Entered Level 5 of the Dungeon
  3402 | D:5      | Reached *** piety under Trog
  3515 | D:5      | Reached skill level 8 in Axes
  3756 | D:5      | Reached skill level 1 in Slings
  3856 | D:5      | Reached skill level 1 in Stealth
  3898 | D:5      | Reached XP level 8. HP: 55/70 MP: 7/7
  4234 | D:6      | Found a glowing drain.
  4242 | Sewer    | Entered a sewer
  4654 | D:6      | Reached **** piety under Trog
  4908 | D:6      | Reached skill level 9 in Axes
  5052 | D:6      | Reached XP level 9. HP: 69/78 MP: 8/8
  5165 | D:6      | Found a bloodstained altar of Trog.
  5165 | D:6      | Found a glowing golden altar of the Shining One.
  5378 | D:6      | Found a blossoming altar of Fedhas.
  5391 | D:6      | Noticed an oklob plant
  5541 | D:7      | Reached skill level 5 in Dodging
  5552 | D:7      | Reached skill level 10 in Axes
  5582 | D:7      | Found a hazy altar of Hepliaklqana.
  5644 | D:7      | Found a staircase to the Ecumenical Temple.
  5672 | D:7      | Found Ereyngau's Weapon Boutique.
  5880 | D:7      | Found an ancient bone altar of Kikubaaqudgha.
  6187 | D:8      | Noticed a troll
  6195 | D:8      | Killed a troll
  6196 | D:8      | Reached skill level 11 in Axes
  6212 | D:8      | Noticed a skeletal warrior
  6212 | D:8      | Noticed a skeletal warrior
  6389 | D:8      | Killed a skeletal warrior
  6399 | D:8      | Killed a skeletal warrior
  6400 | D:8      | Reached skill level 5 in Slings
  6400 | D:8      | Reached XP level 10. HP: 88/88 MP: 9/9
  6435 | D:8      | Noticed a skeletal warrior
  6435 | D:8      | Noticed a skeletal warrior
  6703 | D:8      | Killed a skeletal warrior
  6704 | D:8      | Reached skill level 12 in Axes
  7079 | D:8      | Killed a skeletal warrior
  7250 | D:8      | Identified the +6 short sword of Valour {freeze, rF- rN+++
                  | Dex+5}
  7333 | D:9      | Reached skill level 13 in Axes
  7339 | D:9      | Identified the +0 hunting sling of Conscience {vorpal,
                  | rPois Int+3}
  7773 | D:9      | Found a staircase to the Lair.
  7952 | D:10     | Entered Level 10 of the Dungeon
  8164 | D:11     | Noticed a two-headed ogre
  8167 | D:11     | Noticed a two-headed ogre
  8170 | D:11     | Killed a two-headed ogre
  8171 | D:11     | Reached XP level 11. HP: 97/97 MP: 10/10
  8177 | D:11     | Killed a two-headed ogre
  8178 | D:11     | Reached skill level 14 in Axes
  8178 | D:11     | Reached skill level 10 in Armour
  8279 | D:11     | Noticed a tengu warrior
  8279 | D:11     | Noticed a deep elf pyromancer
  8279 | D:11     | Noticed a fire dragon
  8280 | D:11     | Noticed a tengu warrior
  8484 | D:11     | Noticed a two-headed ogre
  8488 | D:11     | Killed a two-headed ogre
  8527 | D:11     | Noticed a boulder beetle
  8692 | D:11     | Killed a tengu warrior
  8725 | D:11     | Noticed a lindwurm
  8800 | D:10     | Found a staircase to the Orcish Mines.
  8817 | D:10     | Reached skill level 15 in Axes
  8972 | D:10     | Reached skill level 10 in Fighting
  9018 | D:10     | Found a shadowy altar of Dithmenos.
  9511 | D:3      | Bought the +1 cloak "Funkiha" {-Tele rElec rC+++ Dex-3} for
                  | 512 gold pieces
  9700 | Lair:1   | Entered Level 1 of the Lair of Beasts
  9756 | Lair:1   | Noticed Joseph
  9768 | Lair:1   | Killed Joseph
  9946 | Lair:1   | Reached ***** piety under Trog
  9947 | Lair:1   | Reached XP level 12. HP: 107/107 MP: 11/11
 10058 | Lair:1   | Identified the +0 chain mail of the Villain {rPois rF+ rN++
                  | Int-2}
 10302 | Lair:1   | Reached skill level 16 in Axes
 10540 | Lair:2   | Noticed a seven-headed hydra
 10553 | Lair:2   | Killed a seven-headed hydra
 10637 | Lair:2   | Noticed a boulder beetle
 10664 | Lair:2   | Killed a boulder beetle
 10718 | Lair:2   | Noticed a six-headed hydra
 10733 | Lair:2   | Killed a six-headed hydra
 10734 | Lair:2   | Reached skill level 1 in Short Blades
 10770 | Lair:2   | Noticed a four-headed hydra
 10780 | Lair:2   | Killed a four-headed hydra
 10880 | Lair:2   | Reached skill level 17 in Axes
 11121 | Lair:2   | Received a gift from Trog
 11303 | Lair:2   | Found a staircase to the Swamp.
 11875 | Lair:3   | Found a hole to the Spider Nest.
 11882 | Lair:3   | Reached XP level 13. HP: 119/119 MP: 12/12
 12224 | Lair:3   | Identified the +0 hand axe of Grace {flame, +Blink rPois
                  | Int+4}
 13013 | Lair:4   | Reached skill level 18 in Axes
 13199 | Lair:4   | Reached skill level 5 in Short Blades
 13907 | Lair:4   | HP: 4/123 [meliai/+0 war axe (4)]
 14269 | Lair:5   | Found a runed translucent door.
 14269 | Lair:5   | Found a shimmering altar of Xom.
 14269 | Lair:5   | Noticed Wolly's ghost (journeyman CeAM)
 14457 | Lair:5   | Received a gift from Trog
 14576 | Lair:5   | Reached XP level 14. HP: 103/132 MP: 13/13
 14689 | Lair:5   | Identified the +1 chain mail of the Hart {rF+++ Will-
                  | Str+4}
 14993 | Lair:5   | Killed Wolly's ghost
 15024 | Lair:6   | Entered Level 6 of the Lair of Beasts
 15083 | Lair:6   | Reached skill level 19 in Axes
 15312 | Lair:6   | Reached skill level 15 in Fighting
 15360 | Lair:6   | Found a runed translucent door.
 15362 | Lair:6   | Found a viscous altar of Jiyva.
 15363 | Lair:6   | Noticed an acid blob
 15363 | Lair:6   | Noticed an acid blob
 15364 | Lair:6   | Found a staircase to the Slime Pits.
 15557 | Lair:6   | Reached skill level 20 in Axes
 15690 | Lair:6   | Identified the +10 shortbow of Turphulan {venom, rC+ Str+6}
 16658 | D:11     | Identified the ring "Finn" {rF++ rC+ Int-3 Dex+4 Slay+3}
 16793 | D:11     | Noticed Snorg
 16800 | D:11     | Killed Snorg
 16801 | D:11     | Reached skill level 15 in Armour
 16801 | D:11     | Reached XP level 15. HP: 143/143 MP: 14/14
 16865 | D:11     | Received a gift from Trog
 17002 | D:11     | Reached skill level 21 in Axes
 17103 | D:11     | Identified the +9 great mace of Uguely {freeze, *Corrode
                  | rElec rPois Str+4}
 17455 | D:12     | Reached skill level 1 in Maces & Flails
 18190 | D:13     | Reached skill level 5 in Maces & Flails
 18563 | Orc:1    | Entered Level 1 of the Orcish Mines
 18700 | Orc:1    | Reached ****** piety under Trog
 18840 | Orc:2    | Entered Level 2 of the Orcish Mines
 18929 | Orc:2    | Found a staircase to the Elven Halls.
 18967 | Orc:2    | Found Ciod's General Store.
 18983 | Orc:2    | Found Vuvaefue's Distillery.
 19119 | Orc:2    | Received a gift from Trog
 19300 | Orc:2    | Found Mesuf's Antique Armour Emporium.
 19300 | Orc:2    | Found Bagouthry's Jewellery Shoppe.
 19300 | Orc:2    | Found a one-way gate leading to the halls of Pandemonium.
 19339 | Orc:2    | Bought a steaming plate armour for 952 gold pieces
 19339 | Orc:2    | Identified the +8 plate armour of Divine Intervention
                  | {rElec Stlth+} (You bought it in a shop on level 2 of the
                  | Orcish Mines)
 19872 | D:14     | Reached XP level 16. HP: 154/154 MP: 15/15
 19918 | D:14     | Found a gate to the Vaults.
 19991 | D:14     | Reached skill level 10 in Maces & Flails
 20413 | D:15     | Entered Level 15 of the Dungeon
 20432 | D:15     | Identified the +9 war axe of the Demagogue {vorpal, Dex+3}
                  | (Trog gifted it to you on level 15 of the Dungeon)
 20432 | D:15     | Received a gift from Trog
 20519 | D:15     | Found a staircase to the Depths.
 20582 | D:15     | Paralysed by something for 7 turns
 21605 | Depths:1 | Entered Level 1 of the Depths
 21620 | Depths:1 | Found a stormy altar of Qazlal.
 22061 | Spider:1 | Entered Level 1 of the Spider Nest
 22309 | Spider:1 | Identified the +2 leather armour "Hopiak" {rC+}
 22411 | Spider:1 | Identified the +6 dagger "Goegisoi" {vorpal, rF- Will+
                  | Str+5} (Trog gifted it to you on level 1 of the Spider
                  | Nest)
 22411 | Spider:1 | Received a gift from Trog
 23139 | Spider:2 | Reached XP level 17. HP: 163/163 MP: 0/16
 23252 | Spider:2 | Received a gift from Trog
 23266 | Spider:2 | Reached skill level 15 in Maces & Flails
 23994 | Spider:3 | Noticed Arachne
 24004 | Spider:3 | Killed Arachne
 24782 | Spider:4 | Entered Level 4 of the Spider Nest
 24818 | Spider:4 | Identified the +0 leather armour "Gicyiph" {rF- Str+2 Int+2
                  | Stlth+}
 24884 | Spider:4 | Received a gift from Trog
 25423 | Spider:4 | Got a gossamer rune of Zot
 25988 | Vaults:1 | Entered Level 1 of the Vaults
 26372 | Vaults:1 | Reached XP level 18. HP: 176/176 MP: 17/17
 26397 | Vaults:1 | Killed from afar by an ironbound thunderhulk

Illustrated notes

Levels and vault maps discovered:
D:1:      minmay_arrival_semitransparent, layout_basic,
          shapermc_ecumenical_altar_flowoftime
D:2:      minmay_recursive_quarters, layout_basic, uniq_jessica
D:3:      layout_basic, gammafunk_ghost_grave, serial_shops, shop_statue,
          uniq_terence
D:4:      layout_basic, mainiacjoe_overflow_catwalk_spiral,
          lightli_temple_of_fire, hangedman_glass_teeth,
          minmay_misc_feat_nine_boxes, chequers_big_river, uniq_pikel
D:5:      layout_basic
D:6:      layout_gridville, tgw_fedhas, gammafunk_temple_overflow_elements,
          lightli_sewer_entry_pipes
D:7:      layout_cave_pools, amcnicky_altar_gilded, mainiacjoe_overflow_catwalk,
          minmay_temple_entry_tees, serial_shops,
          nicolae_shop_bloodbath_and_beyond
D:8:      layout_basic
D:9:      layout_cave_pools, dpeg_oklobed_lair
D:10:     erik_rubicon_a, layout_rooms, grunt_dithmenos_shadows, erik_orc_4,
          nicolae_benzene_ring
D:11:     minmay_the_grid_net [minmay_the_grid_minigrid_large,
          minmay_the_grid_box_x, minmay_the_grid_zigzag_pyramid,
          minmay_the_grid_tiny_cups, minmay_the_grid_large_cup,
          minmay_the_grid_prize_four_corners_diamond_b], layout_basic,
          minmay_lindwurm_lava, uniq_snorg
D:12:     layout_loops_ring, minivault_27
D:13:     layout_gridville, kennysheep_potato
D:14:     minmay_blocky_corners, layout_basic, david_vaults_5,
          grunt_decor_mini_mirrors
D:15:     grunt_enter_depths_giant_problem, layout_basic, serial_bayou_shore_a
Lair:1:   layout_chaotic_city, grunt_megastairs_5, uniq_joseph
Lair:2:   layout_loops_ring, minmay_swamp_entry_swarm, beast_lair_carwin_6
Lair:3:   nzn_winding_woodlands_medium [nzn_winding_woodlands_hourglass,
          nzn_winding_woodlands_5x15_lazy_stream,
          nzn_winding_woodlands_5x5_checkerboard,
          nzn_winding_woodlands_5x5_cross,
          nzn_winding_woodlands_center_triple_pond,
          nzn_winding_woodlands_5x5_perimeter, nzn_winding_woodlands_5x5_three,
          nzn_winding_woodlands_5x15_concentric,
          nzn_winding_woodlands_5x5_open_star], layout_small_grid,
          hellmonk_spider_entry_not_the_bees, wad_woods_03,
          infiniplex_staircase_pool_2, serial_bayou_shore_b
Lair:4:   beast_lair_carwin_large_1, layout_gridlike, special_room
          [special_room_bee]
Lair:5:   layout_regular_city, ebering_ghost_xom
Lair:6:   grunt_lair_end_beastmaster, layout_misc_corridors, slime_altar_2,
          infiniplex_staircase_pool
Spider:1: layout_spider_delve, nicolae_spider_webs_and_nodes
Spider:2: cheibrodos_forgotten_conduit, special_room
Spider:3: layout_chambers, nicolae_spider_orb_run, uniq_arachne, uniq_asterion
Spider:4: hellmonk_spider_rune_endless_swarm
Orc:1:    layout_diamond_mine
Orc:2:    pf_orc_diabolical, layout_diamond_mine, mines1_david
Vaults:1: ontoclasm_vaults_gallery, v_misc_33, nicolae_vaults_ninety_degrees,
          ontoclasm_vaults_bender, vaults_room_large_hall, v_alt_pattern_3,
          vaults_room_large_hall, nicolae_vaults_hallways_thing,
          nicolae_vaults_asterisk, vaults_standard_mumra_enter_the_diamond,
          nicolae_vaults_stairing_the_circle, dpeg_vaults_monster_box,
          layout_vaults_maze_snakey
Depths:1: cheibrodos_leafed_vault, layout_basic, old_standard_altar, hell_entry,
          mu_enter_wizlab_3, abyss_entry, serial_shops, nicolae_lakefront_shop,
          nicolae_square_shop, shop, nicolae_shop_advertising_works
          [nicolae_subvault_shop_adworks], hex_large, drop_trap,
          lemuel_zombie_altar_yredelemnul

Skill      XL: |  1  2  3  4  5  6  7  8  9 10 11 12 13 14 15 16 17 |
---------------+----------------------------------------------------+-----
Fighting       | 4 5 6 7 9 10 12 14 15 16 17 19 | 19.3
Axes           | 4 5 7 8 9 11 13 15 17 18 20 21 | 21.4
Armour         | 3 5 6 7 8 9 11 12 14 15 16 17 | 17.4
Dodging        | 3 4 5 6 7 8 |  8.7
Slings         | 2 4 5 |  5.4
Stealth        | 1 |  1.6
Short Blades   | 2 5 |  5.2
Maces & Flails | 9 14 17 | 17.9

Action                   |  1- 3 |  4- 6 |  7- 9 | 10-12 | 13-15 | 16-18 || total
-------------------------+-------+-------+-------+-------+-------+-------++-------
Melee: Hand axe          |    73 |    54 |   197 |       |   212 |       ||   536
       Headbutt          |     7 |     7 |    65 |   101 |   197 |   157 ||   534
       Punch             |       |       |     8 |     2 |     5 |       ||    15
       War axe           |       |       |    96 |   163 |       |       ||   259
       Fustibalus        |       |       |     6 |       |       |       ||     6
       Battleaxe         |       |       |       |   236 |    82 |       ||   318
       Short sword       |       |       |       |    27 |    25 |       ||    52
       Executioner's axe |       |       |       |       |   316 |       ||   316
       Great mace        |       |       |       |       |   304 |   677 ||   981
 Fire: Fustibalus        |       |       |    47 |    15 |       |       ||    62
Invok: Berserk           |     2 |     4 |     7 |    17 |    21 |    13 ||    64
  Use: Scroll            |       |     9 |    10 |     9 |     8 |    11 ||    47
       Potion            |       |       |       |     1 |    15 |     3 ||    19
Armor: Ring mail         |    29 |    24 |    88 |       |       |       ||   141
       Animal skin       |     1 |       |       |       |       |       ||     1
       Chain mail        |       |       |    43 |   344 |   646 |       ||  1033
       Plate armour      |       |       |       |       |    17 |   672 ||   689
Dodge: Dodged            |    77 |    26 |   159 |   251 |   630 |   486 ||  1629
